 Dungeon Crawl Stone Soup version 0.21.0-3-g78d12a8 (webtiles) character file.

418726 raph the Impaler (level 23, -41/178 HPs)
             Began as a Merfolk Gladiator on Jan 11, 2018.
             Was the Champion of Okawaru.
             Killed from afar by a quicksilver dragon (45 damage)
             ... with a bolt of dispelling energy
             ... on level 1 of the Depths on Jan 12, 2018.
             The game lasted 03:17:04 (52288 turns).

raph the Impaler (Merfolk Gladiator)               Turns: 52288, Time: 03:17:05

Health: -41/178    AC: 30    Str: 18 (19) XL:     23   Next: 66%
Magic:  37/37      EV: 30    Int: 18      God:    Okawaru [******]
Gold:   3262       SH:  0    Dex: 27      Spells: 5/42 levels left

rFire    + + +     SeeInvis .   a - +9 demon trident (elec)
rCold    x . .     Gourm    .   U - +2 shield {rF+}
rNeg     + + .     Faith    .   V - +7 fire dragon scales
rPois    .         Spirit   .   k - +2 hat of Narcissism {*Corrode rElec Int+9}
rElec    +         Reflect  .   X - scarf {repulsion}
rCorr    .         Harm     .   j - +2 pair of gloves "Jicutuim" {rN+}
MR       +....                  c - +2 pair of boots of the Assassin {Detection Stab+ Stlth++}
Stlth    +++.......             I - amulet of regeneration
HPRegen  0.79/turn              Z - ring "Viesug" {rN+ Str+3 Slay+3}
MPRegen  0.25/turn              T - +5 ring of dexterity

@: confused, heroism, very slightly contaminated, repel missiles
A: change form in water, swift swim, stealthy swim, screaming 1
}: 2/15 runes: decaying, gossamer
a: Heroism, Finesse, Renounce Religion


You were on level 1 of the Depths.
You worshipped Okawaru.
Okawaru was exalted by your worship.
You were not hungry.

You visited 8 branches of the dungeon, and saw 39 of its levels.
You visited the Abyss 1 time.
You also visited: Ossuary, Ice Cave, Volcano and Wizlab.

You collected 5793 gold pieces.
You spent 2531 gold pieces at shops.

Inventory:

Hand Weapons
 a - a +9 demon trident of electrocution (weapon)
Missiles
 E - 34 tomahawks (quivered)
 O - 4 poisoned javelins
Armour
 c - the +2 pair of boots of the Assassin (worn) {Detection Stab+ Stlth++}
   (You acquired it on level 13 of the Dungeon)

   It makes you much more stealthy.
 j - the +2 pair of gloves "Jicutuim" (worn) {rN+}
   (You found it in an ice cave)

   It protects you from negative energy.
 k - the +2 hat of Narcissism (worn) {*Corrode rElec Int+9}
   (You found it in an ice cave)

   It affects your intelligence (+9).
   It insulates you from electricity.
   It may corrode you when you take damage.
 U - a +2 shield of fire resistance (worn)
 V - +7 fire dragon scales (worn)
 X - a scarf of repulsion (worn)
Jewellery
 s - an uncursed ring of ice
 y - an uncursed ring of wizardry
 I - an amulet of regeneration (around neck)
 J - an uncursed ring of resist corrosion
 T - a +5 ring of dexterity (right hand)
 Z - the ring "Viesug" (left hand) {rN+ Str+3 Slay+3}
   (You found it on level 4 of the Spider Nest)

   [ring of strength]

   It affects your strength (+3).
   It affects your accuracy and damage with ranged weapons and melee attacks
   (+3).
   It protects you from negative energy.
Wands
 G - a wand of iceblast (18)
 H - a wand of flame (127)
 N - a wand of digging (6)
 Q - a wand of acid (23)
 S - a wand of disintegration (30)
 Y - a wand of clouds (1)
Scrolls
 b - a scroll of holy word
 d - 2 scrolls of summoning
 g - 24 scrolls of teleportation
 n - 29 scrolls of identify
 o - 19 scrolls of remove curse
 p - a scroll of amnesia
 q - 6 scrolls of fog
 t - 4 scrolls of fear
 v - 3 scrolls of blinking
 M - 5 scrolls of magic mapping
 R - 3 scrolls of silence
Potions
 h - 2 potions of invisibility
 i - 4 potions of haste
 l - 5 potions of berserk rage
 m - 2 potions of brilliance
 r - 13 potions of curing
 w - a potion of heal wounds
 x - 4 potions of might
 z - 10 potions of flight
 C - 5 potions of agility
 D - 6 potions of ambrosia
 K - 6 potions of resistance
Books
 e - a book of the Sky

   Spells                             Type                      Level
   a - Summon Lightning Spire         Summoning/Air                4
   b - Silence                        Hexes/Air                    5
   c - Deflect Missiles               Charms/Air                   6
   d - Conjure Ball Lightning         Conjuration/Air              6
   e - Tornado                        Air                          9
Miscellaneous
 u - a lamp of fire (inert)
 A - a phial of floods
Comestibles
 f - 43 rations


   Skills:
 + Level 14.3(19.3) Fighting
 + Level 19.8(24.8) Polearms
 - Level 7.5(12.5) Throwing
 - Level 11.1(16.1) Armour
 - Level 17.0(22.0) Dodging
 + Level 9.5(14.5) Stealth
 - Level 15.3(20.3) Shields
 + Level 10.2 Spellcasting
 + Level 10.6 Charms
 * Level 11.6 Necromancy
 - Level 7.7 Translocations
 - Level 9.9 Invocations
 + Level 6.4 Evocations


You had 5 spell levels left.
You knew the following spells:

 Your Spells              Type           Power        Failure   Level  Hunger
a - Animate Dead          Necr           N/A          1%          4    ###....
b - Summon Butterflies    Summ           #.......     21%         1    None
c - Blink                 Tloc           N/A          1%          2    None
d - Shroud of Golubria    Chrm/Tloc      #####.....   1%          2    None
e - Gell's Gravitas       Tloc           #####.....   2%          3    None
f - Lesser Beckoning      Tloc           #####.....   2%          3    None
g - Teleport Other        Tloc           #####...     2%          3    None
h - Sublimation of Blood  Necr           ######....   1%          2    None
i - Agony                 Necr           ######..     4%          5    #####..
j - Corpse Rot            Necr           N/A          1%          2    None
k - Excruciating Wounds   Chrm/Necr      #####.....   5%          5    #####..
l - Dispel Undead         Necr           ######..     4%          5    #####..


Dungeon Overview and Level Annotations

Branches:
Dungeon (15/15)            Temple (0/1) D:5            Lair (6/6) D:9
  Swamp (4/4) Lair:2       Spider (4/4) Lair:2        Slime (0/5) Lair:6
    Orc (2/2) D:11            Elf (3/3) Orc:2        Vaults (4/5) D:13
  Crypt (0/3) Vaults:3     Depths (1/5) D:15

Altars:
Ashenzari
Dithmenos
Fedhas
Gozag
Kikubaaqudgha
Okawaru
Ru
Sif Muna
Trog
The Shining One
Beogh
Jiyva

Shops:
D:4 [*(*?   D:7 }*   D:8 *   Orc:2 }?([   Elf:3 }!   Vaults:3 [

Portals:
Hell: Depths:1
Pandemonium: Depths:1
Ziggurat: Depths:1
Trove: D:12 (give 8 potions of haste)

Annotations:
Lair:1 exclusion: oklob plant
Abyss:1 Edmund, Nergalle


Innate Abilities, Weirdness & Mutations

You revert to your normal form in water.
You are very nimble and swift while swimming.
You are very stealthy in the water. (Stealth+)
You occasionally shout uncontrollably at your foes.


Message History

The quicksilver dragon bites you but does no damage.
The quicksilver dragon misses you. The death yak gores you!!
* * * LOW HITPOINT WARNING * * *
The spark wasp completely misses you.
The quicksilver dragon completely misses you. x2
The death yak misses you.
The spriggan berserker mumbles some strange prayers to Trog.
The spriggan berserker goes berserk!
In your confused state, you trip and fall back down the stairs.
* * * LOW HITPOINT WARNING * * *
The spark wasp completely misses you.
The quicksilver dragon completely misses you. x2
The death yak gores you!
* * * LOW HITPOINT WARNING * * *
The spark wasp closely misses you.
The quicksilver dragon breathes dispelling energy at you.
The bolt of dispelling energy hits you!
Your magical effects are unravelling.
You die...

.....##....##..##
.....##...####..####
............#....#.##
...)........#.......##
...............##....#
###......#.##..##...###
..###..#.#[##.###.....###
...##..#.(.#....##......#
....####...#....@.......##
#....##....#...DyY.......#
......#(........i..(..#..#
..#...#[...D.........#####
).#.#.[.)..#H....#.....##
..#...#.....u.c.###.....#
.....[#.........D.......#
#....##.........iā‰ˆ{....##
....##...........ā‰ˆ......#


You could see a red very ugly thing, a fire dragon, a quicksilver dragon, a
sphinx, a death yak (berserk), a yaktaur captain, a spark wasp and a spriggan
berserker (berserk).

Vanquished Creatures
  An ancient lich (WizLab)
  Jorgrun (Swamp:2)
  3 deep elf blademasters
  A lich (Vaults:3)
  The ghost of Vodalian the Severer, an adept MiBe of Trog (Spider:3)
  2 deep elf master archers (Elf:3)
  2 ancient champions (WizLab)
  3 tentacled starspawn (Abyss:2)
  3 sphinxes
  A tengu reaver (Depths:1)
  4 thorn hunters
  Frances (D:13)
  A storm dragon (Depths:1)
  2 fire giants
  6 deep elf sorcerers
  Louise (D:14)
  5 vault wardens
  7 ghost moths
  A deep elf elementalist (Elf:3)
  A frost giant (Vaults:4)
  An orc warlord (Vaults:3)
  A curse skull (Vaults:3)
  6 emperor scorpions
  Aizul (Swamp:2)
  A reaper (IceCv)
  14 ironheart preservers
  6 stone giants
  4 entropy weavers
  6 deep elf demonologists
  3 deep elf annihilators
  3 spark wasps
  Azrael (Spider:1)
  2 ettins
  Josephine (D:15)
  5 deep elf death magi
  4 yaktaur captains
  Erolcha (D:10)
  2 fire dragons
  Fannar (D:11)
  2 deep elf high priests (Elf:3)
  A jiangshi (Vaults:3)
  26 hydras
  2 ice dragons
  6 centaur warriors
  2 death knights (Vaults:2)
  The ghost of Ripsaw the Grappler, a novice TrTm of Okawaru (D:9)
  6 ogre magi
  14 two-headed ogres
  10 alligators
  29 dancing weapons
  2 deep troll shamans
  4 tengu warriors
  A deep troll earth mage (Depths:1)
  2 vampire magi (Vaults:3)
  2 death yaks (Lair:3)
  A thrashing horror (Abyss:2)
  5 orc high priests
  22 deep elf knights
  2 wretched stars (Abyss:2)
  13 skeletal warriors
  A fire crab (shapeshifter) (Vaults:2)
  An iron troll (Depths:1)
  2 sixfirhies
  An unseen horror (Vaults:1)
  10 swamp dragons
  2 large abominations (Abyss:2)
  7 spriggan druids
  7 wizards
  A phantasmal warrior (Vaults:4)
  6 shambling mangroves
  A flayed ghost (Depths:1)
  24 deep elf archers
  12 ironbrand convokers
  14 deep trolls
  6 starcursed masses (Abyss:2)
  8 harpies
  Pikel (D:6)
  14 orb spiders
  57 deep elf magi
  10 orc knights
  29 wolf spiders
  17 ugly things
  3 manticores (Elf:2)
  2 elephants (Lair:4)
  9 cyclopes
  2 orc sorcerers (Orc:2)
  A worldbinder (Abyss:2)
  3 centaur zombies
  2 ice statues (IceCv)
  A moth of wrath (Spider:1)
  4 black mambas
  10 gargoyles
  12 spiny frogs
  8 vault sentinels
  A molten gargoyle (Volcano)
  A rime drake (shapeshifter) (Vaults:1)
  3 rime drakes
  17 demonic crawlers
  5 komodo dragons
  An efreet (Abyss:2)
  A komodo dragon (shapeshifter) (Elf:3)
  31 yaktaurs
  6 ice devils
  6 freezing wraiths
  2 tengu conjurers
  An ancient zyme (Abyss:2)
  9 tyrant leeches
  33 hornets
  6 trolls
  33 jumping spiders
  2 polar bears
  A hornet (shapeshifter) (Vaults:3)
  Grinder (D:6)
  13 blink frogs
  5 bog bodies
  8 hippogriffs
  A dream sheep (Lair:6)
  31 slime creatures
  A meliai zombie (D:15)
  Prince Ribbit (Lair:2)
  4 raiju (Depths:1)
  23 spriggans
  Sigmund (D:6)
  72 redbacks
  A water elemental (Depths:1)
  4 air elementals
  34 tarantellas
  4 vampires (WizLab)
  2 basilisks (shapeshifter)
  5 wraiths
  36 yaks
  3 shadows
  A wyvern (Lair:4)
  4 fire bats
  3 basilisks
  A human (shapeshifter) (Depths:1)
  A yak (shapeshifter) (Vaults:2)
  3 hungry ghosts
  10 fire elementals
  A steam dragon (shapeshifter) (D:13)
  Grum (D:11)
  24 swamp worms
  12 vampire mosquitoes
  2 neqoxecs (Abyss:2)
  21 insubstantial wisps
  6 two-headed ogre zombies (WizLab)
  2 acid dragons
  9 wargs
  8 water moccasins
  2 hell hounds
  A soldier ant (shapeshifter) (Vaults:1)
  7 porcupines
  12 swamp drakes
  A floating eye (shapeshifter) (D:13)
  2 black bears
  A sky beast (shapeshifter) (Depths:1)
  7 ice beasts
  A hornet zombie (D:15)
  26 orc warriors
  A sky beast (D:11)
  2 black bears (shapeshifter)
  An eye of draining (D:12)
  2 phantoms
  An eye of draining (shapeshifter) (Vaults:2)
  11 boggarts
  11 centaurs
  2 small abominations (Abyss:2)
  A necrophage (D:10)
  22 ogres
  25 wolves
  7 crocodiles
  3 big kobolds
  4 earth elementals
  16 bullfrogs
  A wyvern skeleton (D:13)
  11 scorpions
  6 troll zombies (WizLab)
  2 human simulacra
  18 killer bees
  8 wights
  A vampire bat (Orc:2)
  9 electric eels
  2 howler monkeys (D:8)
  8 crimson imps
  3 lava snakes (Volcano)
  A bullfrog zombie (D:13)
  7 jellies
  A quasit (Abyss:2)
  6 hounds
  26 orc priests
  A human zombie (Ossuary)
  24 orc wizards
  4 bullfrog skeletons
  3 centaur skeletons
  2 iguanas
  5 worker ants
  A killer bee zombie (D:8)
  6 ogre zombies (WizLab)
  A hound zombie (D:9)
  A worker ant zombie (D:8)
  4 mummies
  9 gnolls
  9 adders
  3 scorpion zombies (Ossuary)
  3 shadow imps
  6 white imps
  9 ufetubi (IceCv)
  An adder skeleton (D:5)
  An adder zombie (D:5)
  4 worms
  A dart slug (D:2)
  8 leopard geckos
  69 orcs
  10 bats
  6 giant cockroaches
  3 gnoll zombies (Ossuary)
  2 hobgoblins
  15 jackals
  17 kobolds
  5 quokkas
  A ball python (D:5)
  A ball python skeleton (D:4)
  8 frilled lizards
  2 goblins
  3 goblin zombies (Ossuary)
  2 hobgoblin zombies (Ossuary)
  A jackal skeleton (D:5)
  A kobold zombie (Ossuary)
  An orc zombie (Ossuary)
  A quokka skeleton (D:4)
  2 quokka zombies
  5 rats (D:2)
  3 briar patches (Swamp:1)
  A crawling corpse (Elf:3)
  A fungus (Lair:2)
  2 starspawn tentacles (Abyss:2)
1616 creatures vanquished.

Vanquished Creatures (collateral kills)
  A tengu reaver (Vaults:4)
  A yaktaur captain (Vaults:1)
  A great orb of eyes (Depths:1)
  2 dancing weapons
  2 two-headed ogres (Vaults:1)
  2 deep trolls
  A deep elf archer (Vaults:4)
  An ironbrand convoker (Vaults:4)
  An orb spider (Spider:4)
  A manticore (Elf:2)
  2 yaktaurs (Vaults:4)
  A hornet (Spider:4)
  A slime creature (Depths:1)
  4 yaks (Lair:2)
  2 orc warriors (Vaults:3)
  An ogre (Vaults:1)
  An orc priest (Vaults:1)
  6 orcs
  A crawling corpse (Elf:3)
32 creatures vanquished.

Vanquished Creatures (others)
  A fire giant (Depths:1)
  An ice dragon (D:15)
  A fire dragon (Lair:5)
  3 hydras
  3 two-headed ogres
  An ogre mage (Vaults:1)
  A deep troll earth mage (D:14)
  An orc high priest (Orc:2)
  A death yak (Lair:3)
  An unseen horror (D:10)
  A spriggan druid (Swamp:4)
  2 deep elf magi
  An orc sorcerer (D:9)
  The ghost of Raptoricus the Magician, a novice DrFE (D:6)
  2 ugly things (D:15)
  2 elephants (Lair:4)
  An ice statue (Lair:3)
  A gargoyle (D:12)
  A molten gargoyle (Volcano)
  2 spiny frogs
  3 freezing wraiths
  A komodo dragon (Lair:4)
  A yaktaur (D:13)
  2 ice devils
  2 hornets
  A troll (Orc:2)
  3 polar bears (Lair:6)
  3 blink frogs
  3 slime creatures (D:13)
  3 hippogriffs
  2 spriggans
  2 wraiths
  11 yaks
  A basilisk (Lair:2)
  3 water moccasins
  A hell hound (D:9)
  A porcupine (Lair:2)
  An ice beast (D:13)
  2 slaves (D:6)
  A necrophage (D:9)
  A boggart (Lair:6)
  2 centaurs
  9 wolves
  3 crocodiles
  A gnoll sergeant (D:12)
  A wyvern zombie (D:6)
  A wight (D:13)
  2 killer bees (D:10)
  A howler monkey (D:8)
  A crimson imp (D:6)
  A centaur zombie (D:6)
  6 orc priests
  An orc wizard (Vaults:4)
  A worker ant (Lair:6)
  2 gnolls
  6 white imps (IceCv)
  2 ufetubi (IceCv)
  2 adder skeletons
  A worm (Lair:2)
  7 orcs
  A ball python zombie (D:6)
  A goblin zombie (Ossuary)
  A kobold (D:13)
  A briar patch (Swamp:1)
  9 fungi
  32 plants
  14 starspawn tentacles (Abyss:2)
185 creatures vanquished.

Grand Total: 1833 creatures vanquished

Notes
Turn   | Place    | Note
-------+----------+-------------------------------------------
     0 | D:1      | raph the Merfolk Gladiator began the quest for the Orb.
     0 | D:1      | Reached XP level 1. HP: 16/16 MP: 1/1
   426 | D:1      | Reached XP level 2. HP: 23/23 MP: 2/2
   641 | D:1      | Reached skill level 5 in Polearms
  1283 | D:2      | Reached XP level 3. HP: 28/28 MP: 3/3
  1545 | D:2      | Reached XP level 4. HP: 25/34 MP: 4/4
  2138 | D:2      | Reached skill level 1 in Shields
  2194 | D:2      | Reached skill level 6 in Polearms
  2701 | D:3      | You fall through a shaft!
  2734 | D:4      | Found Pokk's General Store.
  2747 | D:4      | Bought a +2 ring of dexterity for 75 gold pieces
  2803 | D:4      | Reached XP level 5. HP: 41/41 MP: 5/5
  2887 | D:4      | Found a blossoming altar of Fedhas.
  2932 | D:4      | Reached skill level 1 in Armour
  2941 | D:4      | Reached skill level 5 in Dodging
  3189 | D:4      | Found Itialurph's Weapon Boutique.
  3231 | D:4      | Found a sacrificial altar of Ru.
  3238 | D:4      | Found an iron altar of Okawaru.
  3239 | D:4      | Found an opulent altar of Gozag.
  3275 | D:4      | Reached XP level 6. HP: 47/47 MP: 6/6
  3287 | D:4      | Noticed Edmund
  3298 | D:4      | Banished Edmund
  3298 | D:4      | Reached skill level 7 in Polearms
  3399 | D:4      | Found Qiomag's Magic Scroll Boutique.
  3414 | D:4      | Bought a scroll of enchant weapon for 90 gold pieces
  3550 | D:4      | Found Laizazuit's Assorted Antiques.
  3629 | D:4      | Found a deep blue altar of Sif Muna.
  3685 | D:4      | Found Miejah's Armour Shop.
  3741 | D:4      | Became a worshipper of Warmaster Okawaru
  3763 | D:5      | Entered Level 5 of the Dungeon
  3945 | D:5      | Found a staircase to the Ecumenical Temple.
  3964 | D:5      | Reached XP level 7. HP: 52/53 MP: 7/7
  4048 | D:5      | Found a sand-covered staircase.
  4052 | D:5      | Reached skill level 1 in Invocations
  4056 | Ossuary  | Entered an ossuary
  4194 | Ossuary  | Reached skill level 8 in Polearms
  4255 | Ossuary  | Reached * piety under Okawaru
  4433 | Ossuary  | Reached XP level 8. HP: 60/60 MP: 9/9
  4635 | D:5      | Found a glowing golden altar of the Shining One.
  5075 | D:6      | Noticed Pikel
  5079 | D:6      | Killed Pikel
  5079 | D:6      | Reached ** piety under Okawaru
  5079 | D:6      | Reached skill level 9 in Polearms
  5146 | D:6      | Noticed Grinder
  5147 | D:6      | Paralysed by Grinder for 3 turns
  5153 | D:6      | Killed Grinder
  5153 | D:6      | Reached skill level 5 in Fighting
  5153 | D:6      | Reached XP level 9. HP: 68/68 MP: 11/11
  5224 | D:6      | Reached skill level 10 in Polearms
  5311 | D:6      | Noticed Sigmund
  5322 | D:6      | Killed Sigmund
  5473 | D:6      | Reached *** piety under Okawaru
  5656 | D:6      | Noticed Raptoricus's ghost (novice DrFE)
  5673 | D:6      | Banished Raptoricus's ghost
  6014 | D:7      | Found Vyirysa's Gadget Boutique.
  6029 | D:7      | Reached skill level 11 in Polearms
  6095 | D:7      | Bought a wand of flame (11) for 97 gold pieces
  6264 | D:7      | Found an ancient bone altar of Kikubaaqudgha.
  6270 | D:7      | Found Loum's Wicked Wares.
  6450 | D:7      | Found a bloodstained altar of Trog.
  6721 | D:8      | Received a gift from Okawaru
  6955 | D:8      | Reached skill level 5 in Shields
  6955 | D:8      | Reached XP level 10. HP: 76/76 MP: 13/13
  6968 | D:8      | Found a shadowy altar of Dithmenos.
  7091 | D:8      | Found Ymaat's General Store.
  7097 | D:8      | Got a transparent robe
  7108 | D:8      | Identified the +0 robe "Basussabif" {rC+ Str+2} (You found it on level 8 of the Dungeon)
  7240 | D:8      | Noticed a two-headed ogre
  7270 | D:8      | Bought a scroll of enchant weapon for 97 gold pieces
  7469 | D:8      | Found a shattered altar of Ashenzari.
  7633 | D:8      | Found a shadowy altar of Dithmenos.
  7712 | D:9      | Reached skill level 5 in Invocations
  7778 | D:9      | Noticed a wizard
  7780 | D:9      | Paralysed by a wizard for 2 turns
  7790 | D:9      | Killed a wizard
  7790 | D:9      | Reached **** piety under Okawaru
  7881 | D:9      | Noticed a wizard
  7881 | D:9      | Noticed Ripsaw's ghost (novice TrTm)
  7916 | D:9      | Noticed an orc sorcerer
  7966 | D:9      | Killed Ripsaw's ghost
  7966 | D:9      | Reached skill level 12 in Polearms
  8165 | D:9      | Paralysed by a wizard for 5 turns
  8192 | D:9      | Killed a wizard
  8316 | D:9      | Banished an orc sorcerer
  8572 | D:9      | Found a staircase to the Lair.
  8644 | D:10     | Entered Level 10 of the Dungeon
  8755 | Lair:1   | Entered Level 1 of the Lair of Beasts
  8844 | Lair:1   | Noticed an oklob plant
  8903 | Lair:1   | Received a gift from Okawaru
  9025 | Lair:1   | Reached XP level 11. HP: 62/84 MP: 15/15
  9191 | Lair:1   | Noticed Nergalle
  9226 | Lair:1   | Banished Nergalle
  9226 | Lair:1   | Reached skill level 13 in Polearms
  9226 | Lair:1   | Reached skill level 1 in Stealth
  9513 | Lair:2   | Found a hole to the Spider Nest.
  9514 | Lair:2   | Noticed Prince Ribbit
  9797 | Lair:2   | Noticed a seven-headed hydra
  9823 | Lair:2   | Killed a seven-headed hydra
  9823 | Lair:2   | Reached ***** piety under Okawaru
  9936 | Lair:2   | Found a staircase to the Swamp.
 10012 | Lair:2   | Received a gift from Okawaru
 10471 | Lair:2   | Killed Prince Ribbit
 10576 | Lair:2   | Reached skill level 5 in Armour
 10973 | Lair:3   | Reached skill level 14 in Polearms
 10977 | Lair:3   | Reached XP level 12. HP: 72/92 MP: 17/17
 11055 | Lair:3   | Noticed an eight-headed hydra
 11064 | Lair:3   | Noticed a death yak
 11066 | Lair:3   | Noticed a death yak
 11067 | Lair:3   | Killed an eight-headed hydra
 11067 | Lair:3   | Reached skill level 5 in Throwing
 11067 | Lair:3   | Reached skill level 10 in Dodging
 11070 | Lair:3   | Noticed a death yak
 11087 | Lair:3   | Received a gift from Okawaru
 11174 | Lair:3   | Banished a death yak
 11315 | Lair:3   | Killed a death yak
 11315 | Lair:3   | Received a gift from Okawaru
 11657 | Lair:3   | Killed a death yak
 11925 | Lair:3   | Got a distressingly furry scale mail
 11940 | Lair:3   | Identified the +4 scale mail of Honesty {MR++} (You found it on level 3 of the Lair of Beasts)
 11977 | Lair:3   | Noticed a five-headed hydra
 11993 | Lair:3   | Banished a five-headed hydra
 12157 | Lair:3   | Received a gift from Okawaru
 12247 | Lair:4   | Found a dark tunnel.
 12258 | Volcano  | Entered a volcano
 12346 | Volcano  | Found a bloodstained altar of Trog.
 12346 | Volcano  | Noticed a centaur warrior
 12358 | Volcano  | Killed a centaur warrior
 12387 | Volcano  | Reached XP level 13. HP: 100/100 MP: 15/19
 12435 | Volcano  | Noticed a red draconian
 13298 | Lair:4   | Received a gift from Okawaru
 13631 | Lair:5   | Reached skill level 15 in Polearms
 13936 | Lair:5   | Noticed a fire dragon
 13958 | Lair:5   | Banished a fire dragon
 14084 | Lair:5   | Found a frozen archway.
 14107 | IceCv    | Entered an ice cave
 14300 | IceCv    | Got a pair of heavily runed gloves
 14311 | IceCv    | Identified the +2 pair of gloves "Jicutuim" {rN+} (You found it in an ice cave)
 14312 | IceCv    | Got a slimy hat
 14323 | IceCv    | Identified the +2 hat of Narcissism {*Corrode rElec Int+9} (You found it in an ice cave)
 14559 | IceCv    | Noticed a reaper
 14571 | IceCv    | Found the +8 demon blade "Bloodbane" {slice, *Rage +Rage Stlth-}
 14749 | IceCv    | Killed a reaper
 15036 | Lair:6   | Entered Level 6 of the Lair of Beasts
 15544 | Lair:6   | Reached skill level 10 in Shields
 15940 | Lair:6   | Reached XP level 14. HP: 109/109 MP: 18/20
 16393 | Lair:6   | Received a gift from Okawaru
 16440 | Lair:6   | Found a staircase to the Slime Pits.
 16441 | Lair:6   | Found a viscous altar of Jiyva.
 16948 | D:10     | Noticed Erolcha
 16958 | D:10     | Killed Erolcha
 17612 | D:11     | Reached skill level 10 in Fighting
 17707 | D:11     | Noticed Fannar
 17725 | D:11     | Killed Fannar
 17911 | D:11     | Found a staircase to the Orcish Mines.
 18311 | D:11     | Noticed Grum
 18646 | D:4      | Bought a scroll of enchant armour for 195 gold pieces
 18815 | D:11     | Killed Grum
 18815 | D:11     | Received a gift from Okawaru
 18857 | Orc:1    | Entered Level 1 of the Orcish Mines
 19133 | Orc:2    | Entered Level 2 of the Orcish Mines
 19208 | Orc:2    | Found a roughly hewn altar of Beogh.
 19221 | Orc:2    | Paralysed by an orc sorcerer for 2 turns
 19267 | Orc:2    | Found a staircase to the Elven Halls.
 19962 | Orc:2    | Reached skill level 16 in Polearms
 20043 | Orc:2    | Found Yneroqech's Gadget Boutique.
 20043 | Orc:2    | Found Uweuj's Magic Scroll Boutique.
 20128 | Orc:2    | Found Ipaogrib's Armour Shop.
 20131 | Orc:2    | Found Arear's Weapon Shop.
 20137 | Orc:2    | Bought a scroll of holy word for 127 gold pieces
 20661 | D:12     | Noticed a war gargoyle
 21149 | D:12     | Found a portal to a secret trove of treasure.
 21503 | D:12     | Banished a war gargoyle
 21982 | D:13     | Noticed Frances
 22013 | D:13     | Reached XP level 15. HP: 43/117 MP: 22/22
 22539 | D:13     | Gained mutation: You occasionally shout uncontrollably at your foes. [a neqoxec]
 22753 | D:13     | Killed Frances
 23552 | D:13     | Identified a scroll of acquirement
 23554 | D:13     | Found the +2 pair of boots of the Assassin {Detection Stab+ Stlth++}
 23674 | D:12     | Received a gift from Okawaru
 23761 | D:14     | Noticed Louise
 23804 | D:14     | Killed Louise
 24043 | D:14     | Found a runed door.
 24051 | D:14     | Noticed a fire giant
 24073 | D:14     | Killed a fire giant
 24700 | D:15     | Entered Level 15 of the Dungeon
 24764 | D:15     | Noticed Josephine
 24954 | D:15     | Found a staircase to the Depths.
 25020 | D:15     | Killed Josephine
 25420 | D:15     | Reached skill level 17 in Polearms
 26460 | Swamp:1  | Entered Level 1 of the Swamp
 26462 | Swamp:1  | Noticed a thorn hunter
 26503 | Swamp:1  | Reached XP level 16. HP: 46/125 MP: 23/23
 26505 | Swamp:1  | Killed a thorn hunter
 26505 | Swamp:1  | Received a gift from Okawaru
 26508 | Swamp:1  | Got a pair of shimmering gloves {god gift}
 26629 | Lair:2   | Identified the +3 pair of gloves "Jegucw" {rN+ Regen+ Str-4 Int+7} (Okawaru gifted it to you on level 1 of the Swamp)
 27755 | Swamp:2  | Noticed Jorgrun
 27769 | Swamp:2  | Killed Jorgrun
 27927 | Swamp:2  | Noticed Aizul
 27958 | Swamp:2  | Killed Aizul
 28076 | Swamp:2  | Reached ****** piety under Okawaru
 28246 | Swamp:2  | Reached skill level 15 in Shields
 28282 | Swamp:2  | Received a gift from Okawaru
 29478 | Swamp:4  | Entered Level 4 of the Swamp
 29900 | Swamp:4  | Reached XP level 17. HP: 129/133 MP: 24/24
 30167 | D:7      | Bought a book of Unlife for 780 gold pieces
 30172 | D:7      | Learned a level 4 spell: Animate Dead
 30242 | D:4      | Bought a scroll of blinking for 90 gold pieces
 30611 | Swamp:4  | Reached skill level 1 in Spellcasting
 30611 | Swamp:4  | Reached skill level 1 in Necromancy
 30678 | Swamp:4  | Received a gift from Okawaru
 30708 | Swamp:4  | Got a decaying rune of Zot
 30912 | Swamp:4  | Received a gift from Okawaru
 31481 | Lair:2   | Learned a level 1 spell: Summon Butterflies
 31499 | Spider:1 | Entered Level 1 of the Spider Nest
 31499 | Spider:1 | Noticed Azrael
 31511 | Spider:1 | Reached skill level 18 in Polearms
 31520 | Spider:1 | Killed Azrael
 31720 | Spider:1 | Received a gift from Okawaru
 31723 | Spider:1 | Got a pair of encrusted gloves {god gift}
 31832 | Spider:1 | Identified the +2 pair of gloves of the Depths {SInv} (Okawaru gifted it to you on level 1 of the Spider Nest)
 32415 | Spider:2 | Reached skill level 15 in Dodging
 32661 | Spider:2 | Learned a level 2 spell: Blink
 32664 | Spider:2 | Learned a level 2 spell: Shroud of Golubria
 32961 | Spider:3 | Reached XP level 18. HP: 99/142 MP: 23/25
 32986 | Spider:3 | Reached skill level 1 in Charms
 33232 | Spider:3 | Reached skill level 10 in Armour
 33234 | Spider:3 | Reached skill level 1 in Translocations
 33339 | Spider:3 | Noticed Vodalian's ghost (adept MiBe)
 33363 | Spider:3 | Killed Vodalian's ghost
 33659 | Spider:3 | Received a gift from Okawaru
 34660 | Spider:4 | Entered Level 4 of the Spider Nest
 34699 | Spider:4 | Reached skill level 5 in Spellcasting
 35044 | Spider:4 | Received a gift from Okawaru
 35306 | Spider:4 | HP: 3/142 [wolf spider (13)]
 35663 | Spider:4 | Got a smoking golden ring
 35666 | Spider:4 | Identified the ring "Viesug" {rN+ Str+3 Slay+3} (You found it on level 4 of the Spider Nest)
 35907 | Spider:4 | Reached skill level 5 in Necromancy
 36248 | Elf:1    | Entered Level 1 of the Elven Halls
 36791 | Elf:1    | Learned a level 3 spell: Gell's Gravitas
 36795 | Elf:1    | Learned a level 3 spell: Lesser Beckoning
 36799 | Elf:1    | Learned a level 3 spell: Teleport Other
 36825 | Elf:1    | Reached skill level 5 in Charms
 36825 | Elf:1    | Reached XP level 19. HP: 148/148 MP: 28/28
 37015 | Elf:1    | Received a gift from Okawaru
 37650 | Elf:2    | Received a gift from Okawaru
 37796 | Elf:2    | Received a gift from Okawaru
 38081 | Elf:2    | Found a runed gate.
 38081 | Elf:2    | Found a runed gate.
 38081 | Elf:2    | Found a runed gate.
 38802 | D:7      | Bought a book of Death for 840 gold pieces
 38805 | D:7      | Learned a level 2 spell: Sublimation of Blood
 38811 | D:7      | Learned a level 5 spell: Agony
 39485 | D:13     | Found a gate to the Vaults.
 39490 | Vaults:1 | Entered Level 1 of the Vaults
 39503 | Vaults:1 | Reached skill level 5 in Translocations
 39747 | Vaults:1 | Paralysed by an ogre mage for 5 turns
 39761 | Vaults:1 | Received a gift from Okawaru
 40241 | Vaults:1 | Reached XP level 20. HP: 152/155 MP: 19/31
 41371 | Vaults:2 | Reached skill level 5 in Stealth
 41423 | Vaults:2 | Received a gift from Okawaru
 41461 | Vaults:2 | Got an encrusted hat {god gift}
 41472 | Vaults:2 | Identified the +0 hat of Nejiso Yscho {Regen+} (Okawaru gifted it to you on level 2 of the Vaults)
 41576 | Vaults:2 | Reached skill level 1 in Evocations
 43073 | Vaults:3 | Received a gift from Okawaru
 43076 | Vaults:3 | Got a pitted spear {god gift}
 43077 | Vaults:3 | Identified the +1 spear of Abomination {pierce, rElec} (Okawaru gifted it to you on level 3 of the Vaults)
 43187 | Vaults:3 | Found Voji's Armour Emporium.
 43190 | Vaults:3 | Paralysed by a sphinx for 2 turns
 43476 | Vaults:3 | Learned a level 2 spell: Corpse Rot
 43826 | Vaults:3 | Found a staircase to the Crypt.
 44131 | Vaults:3 | Reached XP level 21. HP: 162/162 MP: 33/33
 44605 | Vaults:4 | Received a gift from Okawaru
 44910 | Vaults:4 | Learned a level 5 spell: Excruciating Wounds
 45192 | Vaults:4 | Found a magical portal.
 45208 | WizLab   | Entered Zonguldrok's Shrine
 45372 | WizLab   | Reached skill level 19 in Polearms
 45672 | WizLab   | Noticed an antique lich
 45682 | WizLab   | Killed an antique lich
 45682 | WizLab   | Reached skill level 10 in Necromancy
 45684 | WizLab   | Found the +9 sword of Zonguldrok {reap}
 45760 | Vaults:4 | Learned a level 5 spell: Dispel Undead
 45939 | Vaults:4 | Received a gift from Okawaru
 47644 | Elf:3    | Entered Level 3 of the Elven Halls
 47873 | Elf:3    | Reached skill level 5 in Evocations
 48114 | Elf:3    | Received a gift from Okawaru
 48171 | Elf:3    | Found Use Gead's Distillery.
 48175 | Elf:3    | Found Tiyrch's Gadget Shop.
 48179 | Elf:3    | Bought a potion of heal wounds for 70 gold pieces
 48179 | Elf:3    | Bought a potion of heal wounds for 70 gold pieces
 48725 | Elf:3    | Received a gift from Okawaru
 48750 | Elf:3    | Reached XP level 22. HP: 171/171 MP: 27/35
 48752 | Elf:3    | Cast into level 2 of the Abyss (a deep elf sorcerer)
 48785 | Abyss:2  | Found an iron altar of Okawaru.
 48930 | Abyss:2  | Received a gift from Okawaru
 49245 | Elf:3    | Escaped the Abyss
 49581 | Elf:3    | Reached skill level 10 in Charms
 49611 | Elf:3    | Identified the Almanac of the Burning Voyage
 49685 | Elf:3    | Identified the Reference Book on Earthen Ice
 49688 | Elf:3    | Identified the Grimoire of Paper
 49738 | Elf:3    | Identified the Papyrus of the Arsonist
 49802 | Elf:3    | Reached skill level 10 in Spellcasting
 49802 | Elf:3    | Reached XP level 23. HP: 178/178 MP: 35/37
 50618 | Spider:4 | Received a gift from Okawaru
 50830 | Spider:4 | Got a gossamer rune of Zot
 51390 | Depths:1 | Entered Level 1 of the Depths
 51665 | Depths:1 | Found the +4 arc blade {discharge, rElec}
 51680 | Depths:1 | Found a huge runed gate.
 51680 | Depths:1 | Found a huge runed gate.
 51680 | Depths:1 | Found a huge runed gate.
 51680 | Depths:1 | Found a huge runed gate.
 51680 | Depths:1 | Found a huge runed gate.
 51680 | Depths:1 | Found a huge runed gate.
 51680 | Depths:1 | Found a huge runed gate.
 51684 | Depths:1 | Found a huge runed gate.
 51684 | Depths:1 | Found a huge runed gate.
 51685 | Depths:1 | Found a huge runed gate.
 51689 | Depths:1 | Found a huge runed gate.
 51689 | Depths:1 | Found a huge runed gate.
 51689 | Depths:1 | Found a huge runed gate.
 51689 | Depths:1 | Found a huge runed gate.
 51689 | Depths:1 | Found a huge runed gate.
 51691 | Depths:1 | Found a huge runed gate.
 51704 | Depths:1 | Found a huge runed gate.
 51715 | Depths:1 | Found a huge runed gate.
 51716 | Depths:1 | Found a huge runed gate.
 51765 | Depths:1 | Found a gateway to Hell.
 51834 | Depths:1 | Found a one-way gate leading to the halls of Pandemonium.
 51834 | Depths:1 | Found a gateway to a ziggurat.
 51872 | Depths:1 | Got a crude cloak
 51883 | Depths:1 | Identified the cursed +0 cloak of Magic {*Corrode rF++ rN+ MR+} (You found it on level 1 of the Depths)
 51894 | Depths:1 | Found a huge runed gate.
 51894 | Depths:1 | Found a huge runed gate.
 51894 | Depths:1 | Found a huge runed gate.
 52120 | Depths:1 | Found a huge runed gate.
 52120 | Depths:1 | Found a huge runed gate.
 52120 | Depths:1 | Found a huge runed gate.
 52120 | Depths:1 | Found a huge runed gate.
 52120 | Depths:1 | Found a huge runed gate.
 52120 | Depths:1 | Found a huge runed gate.
 52131 | Depths:1 | Found a huge runed gate.
 52131 | Depths:1 | Found a huge runed gate.
 52166 | Depths:1 | Found a huge runed gate.
 52166 | Depths:1 | Found a huge runed gate.
 52166 | Depths:1 | Found a huge runed gate.
 52166 | Depths:1 | Found a huge runed gate.
 52166 | Depths:1 | Found a huge runed gate.
 52166 | Depths:1 | Found a huge runed gate.
 52243 | Depths:1 | Paralysed by a floating eye for 4 turns
 52248 | Depths:1 | Received a gift from Okawaru
 52288 | Depths:1 | HP: 4/178 [death yak[a spriggan berserker] (11)]
 52288 | Depths:1 | Killed from afar by a quicksilver dragon

Skill      XL: |  1  2  3  4  5  6  7  8  9 10 11 12 13 14 15 16 17 18 19 20 21 22 23 |
---------------+----------------------------------------------------------------------+-----
Polearms       | 5 6 7 8 9 11 12 14 15 16 17 18 19 | 19.8
Shields        | 1 2 3 5 6 8 10 11 12 15 | 15.3
Fighting       | 3 4 5 6 7 8 9 10 11 12 13 14 | 14.3
Armour         | 1 2 3 4 5 6 7 8 9 10 11 | 11.1
Dodging        | 5 6 8 9 10 11 12 13 14 15 16 17 | 17.0
Invocations    | 2 3 4 6 7 8 9 |  9.9
Throwing       | 3 4 6 7 |  7.5
Stealth        | 3 4 6 8 9 |  9.5
Spellcasting   | 4 6 7 8 9 10 | 10.2
Necromancy     | 3 5 7 9 10 11 | 11.6
Charms         | 5 7 8 9 10 | 10.6
Translocations | 3 5 6 7 |  7.7
Evocations     | 3 5 6 |  6.4

Action                   |  1- 3 |  4- 6 |  7- 9 | 10-12 | 13-15 | 16-18 | 19-21 | 22-24 || total
-------------------------+-------+-------+-------+-------+-------+-------+-------+-------++-------
Melee: Trident           |   129 |    60 |       |       |       |       |       |       ||   189
       Spear             |       |   100 |   287 |   777 |  2538 |       |       |       ||  3702
       Tailslap          |       |       |       |     6 |    33 |    77 |     2 |     2 ||   120
       Demon trident     |       |       |       |       |    35 |  1964 |  1645 |   462 ||  4106
Throw: Javelin           |       |       |     1 |    20 |    14 |       |       |       ||    35
       Throwing net      |       |       |       |     2 |       |       |       |       ||     2
       Tomahawk          |       |       |       |       |    47 |    16 |     8 |       ||    71
 Cast: Animate Dead      |       |       |       |       |       |     3 |    53 |    12 ||    68
       Shroud of Golubri |       |       |       |       |       |     2 |    24 |    11 ||    37
       Gell's Gravitas   |       |       |       |       |       |       |     2 |     1 ||     3
       Blink             |       |       |       |       |       |       |     1 |       ||     1
       Lesser Beckoning  |       |       |       |       |       |       |     1 |       ||     1
       Agony             |       |       |       |       |       |       |     5 |       ||     5
       Excruciating Woun |       |       |       |       |       |       |     2 |     3 ||     5
       Corpse Rot        |       |       |       |       |       |       |     1 |       ||     1
       Dispel Undead     |       |       |       |       |       |       |       |     2 ||     2
Invok: Heroism           |       |       |     1 |    10 |    24 |    13 |    11 |     5 ||    64
       Finesse           |       |       |       |     2 |     4 |     6 |     4 |     4 ||    20
Evoke: Wand              |       |       |       |     3 |    12 |     1 |     4 |     1 ||    21
       Lamp of fire      |       |       |       |       |       |     1 |     1 |     1 ||     3
       Phial of floods   |       |       |       |       |       |       |     1 |       ||     1
  Use: Scroll            |       |    18 |     7 |     6 |    21 |     8 |     6 |     5 ||    71
       Potion            |       |       |       |     1 |     3 |     7 |     3 |     2 ||    16
 Stab: Distracted        |       |       |       |     2 |    11 |     6 |    17 |     9 ||    45
       Sleeping          |       |       |       |     3 |    10 |    13 |    35 |     2 ||    63
       Invisible         |       |       |       |       |     7 |       |       |       ||     7
  Eat: Chunk             |     2 |     4 |     3 |    16 |    30 |    23 |    19 |       ||    97
       Ration            |       |     1 |     2 |     1 |     5 |     3 |     9 |     4 ||    25
Armor: Scale mail        |    64 |    36 |    42 |    90 |   116 |       |       |       ||   348
       Leather armour    |     2 |       |       |       |       |       |       |       ||     2
       Fire dragon scale |       |       |       |       |   183 |   515 |   191 |   103 ||   992
Dodge: Dodged            |    48 |    30 |    27 |   146 |   636 |  1124 |   499 |   190 ||  2700
       Deflected         |       |       |       |       |    30 |     8 |    41 |     5 ||    84
Block: Shield            |    29 |    26 |    61 |   179 |   879 |  1251 |   757 |   207 ||  3389
